 Dungeon Crawl Stone Soup version 0.32-a0-328-gd8048dd28f (webtiles) character file.

Game seed: 17781603238319823737

1494 PrimevalTitan the Nimble (level 8, -10/42 HPs)
             Began as a Spriggan Shapeshifter on Feb 17, 2024.
             Was a Follower of Cheibriados.
             Killed by divine providence
             ... invoked by an orc priest
              (15 damage)
             ... on level 6 of the Dungeon.
             The game lasted 00:07:56 (6303 turns).

PrimevalTitan the Nimble (Spriggan Shapeshifter)    Turns: 6303, Time: 00:07:57

Health: -10/42     AC:  0    Str: 13    XL:     8   Next: 51%
Magic:  9/9        EV: 32    Int: 14    God:    Cheibriados [*.....]
Gold:   246        SH:  0    Dex: 20    Spells: 7/7 levels left

rFire   . .          .
                       - Unarmed
rCold   + . .        (shield currently unavailable)
rNeg    . . .        a - melded +0 animal skin
rPois   .            (helmet restricted)
rElec   .            (no cloak)
rCorr   .            (gloves unavailable)
SInv    +            (boots unavailable)
Will    +....        (no amulet)
Stlth   +            o - +5 ring of evasion
HPRegen 0.27/turn    r - ring of protection from cold
MPRegen 0.11/turn

%: no passive effects
@: flux-form, glowing, slow
A: glow, contaminating, very small, no large weapons, unfitting armour, see
invisible, speed 3
a: Begin Untransformation, Renounce Religion, Bend Time


You were on level 6 of the Dungeon.
You worshipped Cheibriados.
Cheibriados was aware of your devotion.
You were something dangerously unstable.
You visited 2 branches of the dungeon, and saw 7 of its levels.

You collected 246 gold pieces.

Inventory:

Missiles
 w - 3 curare-tipped darts (quivered)
Armour
 a - a +0 animal skin (melded)
Jewellery
 o - a +5 ring of evasion (left hand)
 r - a ring of protection from cold (right hand)
Talismans
 c - a beast talisman
 d - a flux talisman (active)
 j - a blade talisman
 n - a serpent talisman
Scrolls
 b - a scroll of noise {unknown}
 e - 3 scrolls of teleportation {unknown}
 f - 5 scrolls of identify {unknown}
 g - 2 scrolls of enchant armour {unknown}
 h - a scroll of acquirement {unknown}
 l - a scroll of silence {unknown}
 p - a scroll of blinking {unknown}
 q - a scroll of brand weapon {unknown}
 s - 3 scrolls of fog {unknown}
 v - 3 scrolls of amnesia {unknown}
 x - 2 scrolls of poison {unknown}
 y - a scroll of vulnerability {unknown}
Potions
 i - a potion of berserk rage {unknown}
 k - a potion of curing {@q2}
 m - 2 potions of might {unknown}
 t - a potion of cancellation {unknown}
 u - a potion of haste {unknown}
 z - 2 potions of heal wounds {unknown}
 A - a potion of magic {unknown}
 B - 2 potions of lignification


   Skills:
 - Level 4.0 Fighting
 - Level 8.0 Dodging
 - Level 5.0 Unarmed Combat
 + Level 7.6 Shapeshifting


You had 7 spell levels left.
You didn't know any spells.
Your spell library contained the following spells:

 Spells                   Type           Power      Damage    Failure   Level
 Slow                     Hex            0%         N/A       28%         1
 Confusing Touch          Hex            0%         N/A       65%         3
 Fugue of the Fallen      Necr           0%         N/A       65%         3
 Ozocubu's Armour         Ice            0%         N/A       65%         3
 Sigil of Binding         Hex            0%         N/A       65%         3
 Vampiric Draining        Necr           0%         2d6       65%         3
 Manifold Assault         Tloc           0%         N/A       96%         4


Dungeon Overview and Level Annotations

Branches:
Dungeon (6/15)             Temple (1/1) D:4

Altars:
Ashenzari
Cheibriados
Dithmenos
Elyvilon
Gozag
Hepliaklqana
Kikubaaqudgha
Makhleb
Nemelex Xobeh
Okawaru
Qazlal
Ru
Sif Muna
Trog
Uskayaw
Vehumet
Wu Jian
Yredelemnul

Annotations:
D:2 Sigmund
D:3 Grinder


Innate Abilities, Weirdness & Mutations

You are something dangerously unstable.
You glow with magical radiation, making you easy to see and hit.
Foes you strike become dangerously contaminated with magical radiation.
You are incapable of wielding weapons or throwing items.
You are very small and have problems with some larger weapons.
You are too small for most types of armour.
You have supernaturally acute eyesight. (SInv)
You cover ground extremely quickly. (Speed+++)


Message History

The orc warrior throws a boomerang.
The boomerang barely misses you.
An orc priest comes into view. It is wielding a +0 club.
The scorpion completely misses you.
You hit the scorpion.
The scorpion glows dangerously bright.
The scorpion is lightly wounded.
An orc comes into view. It is wielding a +0 whip.
An orc comes into view. It is wielding a +0 flail.
The scorpion completely misses you.
You hit the scorpion but do no damage.
The scorpion shudders as magic cascades through it!
The scorpion twists and deforms.
The scorpion is almost dead.
The scorpion misses you.
You hit the orc.
The orc begins to glow.
The orc is heavily wounded.
The scorpion completely misses you. The orc misses you.
The orc warrior throws a boomerang.
The boomerang hits you. The orc barely misses you.
The scorpion attacks as it pursues you! The scorpion misses you.
The orc priest calls down the wrath of Beogh upon you.
Pain shoots through your body! The orc attacks as it pursues you!
The orc closely misses you. The scorpion completely misses you.
The orc stops glowing.
The orc warrior attacks as it pursues you!
The orc warrior completely misses you.
Found a large moonstone ring and a robe.
You hit the orc warrior but do no damage.
The orc warrior begins to glow.
The orc warrior completely misses you.
You hit the orc warrior but do no damage.
The orc warrior glows dangerously bright.
The orc warrior hits you with a +0 mace!
* * * LOW HITPOINT WARNING * * *
You hit the orc warrior but do no damage.
The orc warrior shudders as magic cascades through it!
The orc warrior twists and deforms.
The orc warrior is moderately wounded.
The orc priest invokes the aid of Beogh against you.
Beogh smites you!
You die...
Cheibriados appreciates the motionlessness of death.

.......#..................###
..........................#
........................
.......[................
...............o.......
...............oo.#....
..............>#s######
..............o#o#
#............o##p#
.......<...........#
...###.............=# ..##
................# ..#
................# ..#
............# ..#
............# ###
..[.........#


You could see an orc warrior (misshapen), a scorpion (misshapen), an orc priest
and 2 orcs.

Vanquished Creatures
  Edmund (D:5)
  A black bear (D:6)
  An ice beast (D:5)
  An ogre (D:5)
  2 phantoms
  A bullfrog (D:4)
  2 scorpions (D:5)
  A jelly (D:4)
  2 bombardier beetles
  A howler monkey (D:6)
  2 hounds
  An orc priest (D:3)
  A sleepcap (D:5)
  5 iguanas
  Ijyb (D:3)
  4 gnolls
  15 adders
  2 shadow imps (D:6)
  2 ufetubi (D:6)
  3 dart slugs
  A ribbon worm (D:2)
  9 orcs
  3 endoplasms
  A giant cockroach (D:1)
  11 goblins
  9 hobgoblins
  4 quokkas
  7 ball pythons
  4 bats
  3 frilled lizards
  8 kobolds
  5 rats
114 creatures vanquished.

Notes
Turn   | Place    | Note
-------+----------+-------------------------------------------
     0 | D:1      | PrimevalTitan the Spriggan Shapeshifter began the quest for
                  | the Orb.
     0 | D:1      | Reached XP level 1. HP: 9/9 MP: 2/2
   100 | D:1      | Reached skill level 1 in Fighting
   100 | D:1      | Reached XP level 2. HP: 11/14 MP: 3/3
   124 | D:1      | Reached skill level 3 in Dodging
   503 | D:1      | Reached XP level 3. HP: 18/18 MP: 4/4
  1142 | D:2      | Noticed Sigmund
  1628 | D:2      | Reached XP level 4. HP: 22/22 MP: 5/5
  2169 | D:3      | Reached skill level 4 in Dodging
  2177 | D:3      | Found a hide-covered altar of Uskayaw.
  2357 | D:3      | Noticed Ijyb
  2395 | D:3      | Killed Ijyb
  2590 | D:3      | Noticed Grinder
  2766 | D:3      | Paralysed by Grinder for 2 turns
  3093 | D:3      | Reached XP level 5. HP: 25/25 MP: 6/6
  3467 | D:4      | Reached skill level 5 in Dodging
  3805 | D:4      | Reached XP level 6. HP: 8/30 MP: 7/7
  4072 | D:4      | Reached skill level 6 in Dodging
  4199 | D:4      | Found a shadowy altar of Dithmenos.
  4472 | D:4      | Found a staircase to the Ecumenical Temple.
  4524 | Temple   | Entered the Ecumenical Temple
  4535 | Temple   | Became a worshipper of Cheibriados the Contemplative
  4588 | D:5      | Entered Level 5 of the Dungeon
  4646 | D:4      | HP: 1/30 [burnt (6)]
  4740 | D:5      | Noticed Edmund
  4754 | D:5      | Killed Edmund
  4755 | D:5      | Reached skill level 7 in Dodging
  4755 | D:5      | Reached XP level 7. HP: 31/33 MP: 8/8
  4894 | D:5      | Reached skill level 5 in Unarmed Combat
  4953 | D:5      | Reached skill level 8 in Dodging
  4953 | D:5      | Reached skill level 5 in Shapeshifting
  5179 | D:5      | Reached XP level 8. HP: 39/39 MP: 9/9
  5670 | D:6      | Found an iron altar of Okawaru.
  5733 | D:6      | Found a broken altar of Ashenzari.
  5757 | D:6      | Reached * piety under Cheibriados
  5966 | D:6      | Found a stormy altar of Qazlal.
  6303 | D:6      | Killed from afar by an orc priest

Illustrated notes

Levels and vault maps discovered:
D:1:      orjb1_clovarrival, layout_loops_corners, st_stairs_13,
          nicolae_grassy_gnolls
D:2:      layout_basic, minmay_strange_pillars, uniq_sigmund
D:3:      layout_basic, nicolae_uskayaw_murder_on_the_dancefloor, uniq_ijyb,
          uniq_grinder
D:4:      layout_gridville, lemuel_tele_altar, minmay_temple_entry_poolview,
          minmay_goblin_outpost
D:5:      layout_basic, uniq_edmund
D:6:      layout_rooms, ashenzari_conservatory_becter,
          mainiacjoe_overflow_tiny_flanked, mainiacjoe_overflow_alcove_1,
          serial_shops, shop, nicolae_half_adder
Temple:   nicolae_temple_bog_church

Skill      XL: |  1  2  3  4  5  6  7  8 |
---------------+-------------------------+-----
Fighting       | 1 2 4 |  4.0
Dodging        | 3 4 5 7 8 |  8.0
Unarmed Combat | 3 4 5 |  5.0
Shapeshifting  | 6 7 |  7.6

Action                     |  1- 3 |  4- 6 |  7- 9 || total
---------------------------+-------+-------+-------++-------
  Melee: Unarmed           |    77 |   226 |   194 ||   497
         Punch             |     2 |    11 |     4 ||    17
  Evoke: Wand              |       |     2 |     5 ||     7
    Use: Potion            |       |     3 |       ||     3
   Stab: Sleeping          |     5 |     1 |       ||     6
         Distracted        |     1 |       |       ||     1
 Armour: Animal skin       |    18 |    43 |    11 ||    72
         Skin              |       |     9 |    26 ||    35
  Dodge: Dodged            |    54 |   182 |   207 ||   443
   Form: Flux              |       |       |     1 ||     1

Table legend: (Time is in decaauts)
 A = Elapsed time spent in this place.
 B = Non-inter-level travel time spent in this place.
 C = Inter-level travel time spent in this place.
 D = Time resting spent in this place.
 E = Time spent auto-exploring this place.
 F = Levels seen in this place.
 G = Mean time per level.
                   A        B        C        D        E       F      G
               +--------+--------+--------+--------+--------+-----+--------+
         Total |   4848 |   4436 |    412 |    808 |   2662 |   7 |  692.6 |
       Dungeon |   4831 |   4436 |    395 |    808 |   2662 |   6 |  805.2 |
        Temple |     17 |      1 |     16 |      0 |      0 |   1 |   17.0 |
               +--------+--------+--------+--------+--------+-----+--------+

Top non-repeatable levels by time:
     D:5: 908 daAuts
     D:4: 906 daAuts
     D:2: 890 daAuts
     D:3: 878 daAuts
     D:1: 631 daAuts
     D:6: 616 daAuts
  Temple: 17 daAuts
